 Dungeon Crawl Stone Soup version 0.25.1-2-g60ff931df9 (webtiles) character file.

Game seed: 4724923726770267816

2174 nicanaca0 the Cleaver (level 9, -2/78 HPs)
             Began as a Minotaur Berserker on Sept 24, 2020.
             Was an Elder of Trog.
             Incinerated by ma3's ghost (10 damage)
             ... with a sticky flame
             ... on level 5 of the Dungeon on Sept 25, 2020.
             The game lasted 00:17:21 (5574 turns).

nicanaca0 the Cleaver (Minotaur Berserker)          Turns: 5574, Time: 00:17:22

Health: -2/78      AC: 16    Str: 23    XL:     9   Next: 11%
Magic:  8/8        EV:  7    Int:  6    God:    Trog [****..]
Gold:   230        SH:  0    Dex: 10    Spells: 8/8 levels left

rFire    . . .     SeeInvis .   z - +0 battleaxe
rCold    + . .     Gourm    .   (shield currently unavailable)
rNeg     . . .     Faith    .   d - +0 plate armour
rPois    .         Spirit   .   (helmet restricted)
rElec    .         Reflect  .   r - +0 cloak (curse)
rCorr    .         Harm     .   (no gloves)
MR       .....                  f - +1 pair of boots {Stlth+}
Stlth    ..........             o - amulet of regeneration
HPRegen  0.63/turn              x - ring of protection from cold
MPRegen  0.11/turn              (no ring)

@: liquid flames, berserk cooldown, slowed, glowing, very slow
A: retaliatory headbutt, horns 2
a: Berserk, Trog's Hand, Brothers in Arms, Renounce Religion


You were on level 5 of the Dungeon.
You worshipped Trog.
Trog was greatly pleased with you.
You were hungry.

You visited 1 branch of the dungeon, and saw 5 of its levels.
You also visited: Sewer.

You collected 230 gold pieces.

Inventory:

Hand Weapons
 z - a +0 battleaxe (weapon)
Missiles
 e - 253 stones (quivered)
 i - a throwing net
 u - 2 javelins
Armour
 d - a +0 plate armour (worn)
 f - a +1 pair of boots of stealth (worn)
 r - a cursed +0 cloak (worn)
Jewellery
 o - an amulet of regeneration (around neck)
 x - a ring of protection from cold (left hand)
Wands
 b - a wand of paralysis (14)
 y - a wand of iceblast (10)
Scrolls
 h - 3 scrolls of identify
 j - a scroll of immolation {unknown}
 m - 3 scrolls of remove curse
 p - a scroll of teleportation
 A - a scroll of enchant armour {unknown}
Potions
 g - a potion of brilliance
 k - a potion of might {unknown}
 l - a potion of lignification {unknown}
 n - a potion of berserk rage {unknown}
 q - a potion of magic
 s - 3 potions of flight {unknown}
 t - a potion of degeneration {unknown}
 v - 2 potions of mutation {unknown}
 w - a potion of resistance {unknown}
 B - a potion of heal wounds {unknown}
 C - a potion of curing {unknown}
Comestibles
 c - 13 rations


   Skills:
 - Level 6.5 Fighting
 * Level 12.4 Axes
 + Level 5.6 Armour
 - Level 2.1 Dodging


You had 8 spell levels left.
You didn't know any spells.
Your spell library was empty.

Dungeon Overview and Level Annotations

Branches:
Dungeon (5/15)              Sewer (visited)
 Temple: D:4-7

Altars:
Elyvilon
Fedhas
Gozag
Qazlal
Xom
The Shining One


Innate Abilities, Weirdness & Mutations

You reflexively headbutt those who attack you in melee.
You have a pair of horns on your head.


Message History

You have reached level 9!
Your experience leads to an increase in your attributes!
Increase (S)trength, (I)ntelligence, or (D)exterity?
Uppercase letters only, please.
You feel stronger.
You are covered in liquid flames!
* * * LOW HITPOINT WARNING * * *
You are covered in liquid flames!
* * * LOW HITPOINT WARNING * * *
There is an open translucent gate here.
You feel a strong urge to attack something.
You are covered in liquid flames!
* * * LOW HITPOINT WARNING * * *
You are covered in liquid flames!
* * * LOW HITPOINT WARNING * * *
You are no longer berserk.
You are exhausted.
You feel yourself slow down.
You are covered in liquid flames!
You die...

#.###..#.###......
#..(...#.##.......
###.......'.).....
#####....#.##.......
#...)()....###......
#.##'))##..# ##.....
###.....##.# ##...#
#.#...#.#.# ##'##
#⌠@#.#.⌠### ##.##
#.#...#.# #....
##.....########..##
##.))##..)..##...#
##########.#.....
#.##.... #.##..#.
#....... #####.##


There were no monsters in sight!

Vanquished Creatures
  The ghost of ma3 the Arsonist, a novice OpFE of Vehumet (D:5)
  Grinder (D:4)
  Sigmund (D:4)
  Eustachio (D:5)
  Menkaure (D:5)
  2 ogres
  Blork the orc (D:4)
  2 big kobolds
  A bullfrog zombie (D:4)
  2 centaur zombies (D:4)
  A centaur skeleton (D:5)
  An orc priest (D:3)
  A hound (D:5)
  Crazy Yiuf (D:2)
  A gnoll shaman (D:4)
  Terence (D:2)
  3 worker ants
  2 hound zombies (D:4)
  2 hound skeletons (D:4)
  Robin (D:2)
  A worker ant zombie (D:4)
  5 adders
  6 gnolls
  2 river rats (Sewer)
  A shadow imp (D:5)
  3 oozes
  2 adder zombies (D:4)
  An adder skeleton (D:4)
  6 worms
  2 dart slugs
  7 leopard geckos
  8 orcs
  12 bats
  5 giant cockroaches
  18 goblins
  3 hobgoblins
  5 jackals
  15 kobolds
  A quokka (D:5)
  4 ball pythons
  5 frilled lizards
  A giant cockroach zombie (D:4)
  A goblin skeleton (D:5)
  A goblin zombie (D:5)
  2 hobgoblin zombies (D:5)
  A jackal skeleton (D:4)
  A jackal zombie (D:4)
  A kobold skeleton (D:5)
  3 kobold zombies (D:5)
  An orc skeleton (D:5)
  2 orc zombies (D:5)
  2 quokka zombies (D:4)
  14 rats
169 creatures vanquished.

Notes
Turn   | Place    | Note
-------+----------+-------------------------------------------
     0 | D:1      | nicanaca0 the Minotaur Berserker began the quest for the
                  | Orb.
     0 | D:1      | Reached XP level 1. HP: 19/19 MP: 0/0
    35 | D:1      | Reached skill level 4 in Axes
   233 | D:1      | Reached XP level 2. HP: 24/26 MP: 1/1
   711 | D:1      | Reached skill level 5 in Axes
   722 | D:1      | Reached XP level 3. HP: 31/31 MP: 2/2
   805 | D:1      | Reached ** piety under Trog
  1497 | D:2      | Noticed Terence
  1564 | D:2      | Killed Terence
  1564 | D:2      | Reached skill level 6 in Axes
  1564 | D:2      | Reached XP level 4. HP: 9/39 MP: 3/3
  1825 | D:2      | Noticed Robin
  1828 | D:2      | Killed Robin
  2158 | D:2      | Found a runed translucent door.
  2159 | D:2      | Noticed Crazy Yiuf
  2165 | D:2      | Killed Crazy Yiuf
  2165 | D:2      | Reached XP level 5. HP: 45/45 MP: 4/4
  2334 | D:3      | Reached skill level 7 in Axes
  2470 | D:3      | Found a blossoming altar of Fedhas.
  2687 | D:3      | Found an opulent altar of Gozag.
  2719 | D:3      | Reached *** piety under Trog
  2828 | D:3      | Found a shimmering altar of Xom.
  2975 | D:3      | Found a shimmering altar of Xom.
  2982 | D:3      | Found a shimmering altar of Xom.
  2988 | D:3      | Found a shimmering altar of Xom.
  3332 | D:4      | Reached XP level 6. HP: 53/53 MP: 5/5
  3350 | D:4      | Reached skill level 8 in Axes
  3361 | D:4      | Found a white marble altar of Elyvilon.
  3530 | D:4      | Noticed Sigmund
  3540 | D:4      | Killed Sigmund
  3540 | D:4      | Reached skill level 5 in Fighting
  3540 | D:4      | Reached skill level 9 in Axes
  3540 | D:4      | Reached XP level 7. HP: 61/61 MP: 6/6
  3669 | D:4      | Noticed Grinder
  3724 | D:4      | Paralysed by Grinder for 6 turns
  3749 | D:4      | Paralysed by Grinder for 7 turns
  3759 | D:4      | Paralysed by Grinder for 2 turns
  3762 | D:4      | Killed Grinder
  3762 | D:4      | Reached skill level 10 in Axes
  3895 | D:4      | Noticed Blork the orc
  3914 | D:4      | Killed Blork the orc
  3914 | D:4      | Reached XP level 8. HP: 65/71 MP: 7/7
  4358 | D:5      | Entered Level 5 of the Dungeon
  4376 | D:5      | Found a glowing golden altar of the Shining One.
  4441 | D:5      | Found a stormy altar of Qazlal.
  4441 | D:5      | Noticed Menkaure
  4449 | D:5      | Killed Menkaure
  4984 | D:5      | Found a glowing drain.
  4993 | D:5      | Reached **** piety under Trog
  4993 | D:5      | Reached skill level 11 in Axes
  5001 | Sewer    | Entered a sewer
  5123 | Sewer    | Found a white marble altar of Elyvilon.
  5296 | D:5      | Noticed Eustachio
  5297 | D:5      | Found a runed translucent gate.
  5297 | D:5      | Noticed ma3's ghost (novice OpFE)
  5313 | D:5      | Killed Eustachio
  5319 | D:5      | Found a runed translucent gate.
  5319 | D:5      | Identified the +3 dagger of Grace {venom, *Corrode MP+9
                  | Int+2}
  5320 | D:5      | Found a runed translucent gate.
  5570 | D:5      | Killed ma3's ghost
  5570 | D:5      | Reached skill level 12 in Axes
  5570 | D:5      | Reached skill level 5 in Armour
  5570 | D:5      | Reached XP level 9. HP: 25/78 MP: 8/8
  5574 | D:5      | Incinerated by ma3's ghost

Illustrated notes

Levels and vault maps discovered:
D:1:      saegor_arrival_simple_e, layout_loops_ring
D:2:      layout_loops_ring, uniq_crazy_yiuf_cottage, uniq_robin, uniq_terence
D:3:      layout_loops_ring, nicolae_overflow_crystal_walls,
          lemuel_crystal_altar, nrook_uturn, xom_redecorated
D:4:      layout_loops_cross, elyvilon_altar_3, serial_undead, serial_undead_d,
          serial_undead_a, serial_undead_f, serial_undead_e, uniq_blork_the_orc,
          uniq_grinder, uniq_sigmund
D:5:      layout_loops_corners, nicolae_qazlal_general_emergency, first_ration,
          portal_sewer_entry_c, gammafunk_ghost_nasty_kobolds,
          grunt_decor_arrowhead, nicolae_tso_besieged_by_evil, uniq_eustachio,
          uniq_menkaure

Skill      XL: |  1  2  3  4  5  6  7  8 |
---------------+-------------------------+-----
Axes           | 4 5 6 7 9 10 12 | 12.4
Fighting       | 4 5 6 |  6.5
Armour         | 5 |  5.6
Dodging        | |  2.1

Action                   |  1- 3 |  4- 6 |  7- 9 || total
-------------------------+-------+-------+-------++-------
Melee: Hand axe          |    80 |   166 |    91 ||   337
       Headbutt          |    13 |    26 |    31 ||    70
       Battleaxe         |       |       |   108 ||   108
Throw: Stone             |     5 |       |     2 ||     7
       Throwing net      |     1 |       |     2 ||     3
       Javelin           |       |       |     1 ||     1
Invok: Berserk           |       |     2 |     2 ||     4
       Trog's Hand       |       |     2 |     3 ||     5
  Use: Scroll            |       |     3 |     7 ||    10
  Eat: Chunk             |     2 |     8 |    10 ||    20
Armor: Animal skin       |    12 |       |       ||    12
       Chain mail        |       |    19 |       ||    19
       Plate armour      |       |    83 |   126 ||   209
Dodge: Dodged            |    55 |    42 |    89 ||   186
